 Dungeon Crawl Stone Soup version 0.31-a0-1147-g46bab52692 (webtiles) character file.

Game seed: 9291893758462742813

31 MacCMillion the Shield-Bearer (level 3, -3/31 HPs)
             Began as a Ghoul Fighter on Dec 7, 2023.
             Killed from afar by Natasha (7 damage)
             ... with a magic dart
             ... on level 2 of the Dungeon.
             The game lasted 00:01:11 (1064 turns).

MacCMillion the Shield-Bearer (Ghoul Fighter)       Turns: 1064, Time: 00:01:11

Health: -3/31      AC:  6    Str: 21    XL:     3   Next: 22%
Magic:  2/2        EV:  9    Int:  7    God:
Gold:   91         SH:  4    Dex:  8    Spells: 2/2 levels left

rFire   . . .        a - +0 war axe
rCold   + . .        c - +0 buckler
rNeg    + + +        b - +0 scale mail
rPois   ∞            (no helmet)
rElec   .            (no cloak)
rCorr   .            (no gloves)
SInv    .            (no boots)
Will    .....        (no amulet) Stlth
                     (no ring)
HPRegen 0.00/turn    (no ring)
MPRegen 0.08/turn

%: no passive effects
@: inhibited regen
A: claws 1, cold resistance 1, negative energy resistance 3, inhibited
regeneration, torment resistance 2, devour on kill
a: no special abilities


You were on level 2 of the Dungeon.
You visited 1 branch of the dungeon, and saw 2 of its levels.

You collected 91 gold pieces.

Inventory:

Hand Weapons
 a - a +0 war axe (weapon)
Armour
 b - a +0 scale mail (worn)
 c - a +0 buckler (worn)
Scrolls
 e - a scroll of noise {unknown}
 f - a scroll of poison {unknown}
 i - a scroll of identify {unknown}
Potions
 d - a potion of might
 g - 2 potions of curing {unknown}
 h - a potion of experience {unknown}
 j - a potion of mutation {unknown}


   Skills:
 - Level 3.2 Fighting
 + Level 2.6 Axes
 - Level 2.6 Armour
 + Level 3.3 Shields


You had 2 spell levels left.
You didn't know any spells.
Your spell library was empty.

Dungeon Overview and Level Annotations

Branches:
Dungeon (2/15)

Altars:

Annotations:
D:2 Natasha


Innate Abilities, Weirdness & Mutations

You are immune to poison.
You have sharp fingernails.
Your flesh is cold resistant. (rC+)
You are immune to negative energy. (rN+++)
You do not regenerate when monsters are visible.
You are immune to unholy pain and torment.
You thrive by killing the living.


Message History

Natasha is moderately wounded.
Natasha closely misses you.
Natasha stares at you and mumbles some strange words.
The magic dart hits you.
You slash Natasha!
Natasha is severely wounded.
Natasha claws you!
You barely miss Natasha.
Natasha is severely wounded.
Natasha barely misses you. Natasha claws you.
You hit Natasha but do no damage.
Natasha is severely wounded.
You barely miss the kobold. You block the kobold's attack.
Natasha casts a spell at you. The magic dart hits you!
You are too injured to fight recklessly!
You are too injured to fight recklessly!
You hit the kobold.
You kill the kobold!
You barely miss Natasha.
Natasha stares at you and mumbles some strange words.
The magic dart hits you but does no damage.
You closely miss Natasha.
Natasha is severely wounded.
Natasha claws you.
* * * LOW HITPOINT WARNING * * *
Natasha closely misses you.
You closely miss Natasha.
Natasha is severely wounded.
Natasha wildly gestures.
Natasha shimmers violently.
Natasha claws you but does no damage.
You closely miss Natasha.
Natasha is severely wounded.
Natasha claws you.
* * * LOW HITPOINT WARNING * * *
Natasha stares at you and mumbles some strange words.
The magic dart hits you!
You die...
Natasha begins licking her fur clean.

#.#
#.#####.#.<.#.###
#.## ##.#
#.#)..#.#
##.###..# #.#...#
# ........#
#.#...#.#
.##....##
#.#...#.#
.##....#
#.......#
.###.#.#
###...###
.......# ##.##
.####### #@# .#
#)h.....# .#
........# ##
##........
#.##.#..# #.# ..
.. #.# #. # ...
..


You could see Natasha.

Vanquished Creatures
  2 dart slugs (D:1)
  3 ball pythons (D:1)
  2 bats (D:1)
  An endoplasm (D:1)
  3 giant cockroaches
  2 goblins
  4 jackals (D:1)
  A quokka (D:2)
  4 kobolds
  2 rats (D:1)
24 creatures vanquished.

Notes
Turn   | Place    | Note
-------+----------+-------------------------------------------
     0 | D:1      | MacCMillion the Ghoul Fighter began the quest for the Orb.
     0 | D:1      | Reached XP level 1. HP: 19/19 MP: 0/0
   132 | D:1      | Reached XP level 2. HP: 26/26 MP: 1/1
   469 | D:1      | Found a faded altar of an unknown god.
   870 | D:1      | Reached XP level 3. HP: 19/31 MP: 2/2
  1056 | D:2      | Noticed Natasha
  1064 | D:2      | Killed from afar by Natasha

Illustrated notes

Levels and vault maps discovered:
D:1:      spicycebolla_arrival_xxxplode, layout_loops_cross,
          dreamdust_ecumenical_altar_angels_and_demons, kennysheep_boxes
D:2:      layout_loops_cross, minmay_rat_hole, uniq_natasha

Skill      XL: |  1 |
---------------+----+-----
Axes           | 2 |  2.6
Shields        | 3 |  3.3
Fighting       | |  3.2
Armour         | |  2.6

Action                     || total
---------------------------++-------
  Melee: War axe           ||    81
 Armour: Scale mail        ||    78
  Dodge: Dodged            ||    45
  Block: Buckler           ||    14

Table legend: (Time is in decaauts)
 A = Elapsed time spent in this place.
 B = Non-inter-level travel time spent in this place.
 C = Inter-level travel time spent in this place.
 D = Time resting spent in this place.
 E = Time spent auto-exploring this place.
 F = Levels seen in this place.
 G = Mean time per level.
                   A        B        C        D        E       F      G
               +--------+--------+--------+--------+--------+-----+--------+
         Total |   1098 |   1074 |     24 |     27 |    843 |   2 |  549.0 |
       Dungeon |   1098 |   1074 |     24 |     27 |    843 |   2 |  549.0 |
               +--------+--------+--------+--------+--------+-----+--------+

Top non-repeatable levels by time:
     D:1: 920 daAuts
     D:2: 177 daAuts
